 Dungeon Crawl Stone Soup version 0.27-a0-538-g15ff5c5295 (webtiles) character file.

Game seed: 11308502099764383409

80 sizableburger the Magician (level 4, -11/30 HPs)
             Began as a Mummy Fire Elementalist on Mar 6, 2021.
             Mangled by Crazy Yiuf
             ... wielding a +2 quarterstaff of chaos
              (19 damage)
             ... on level 2 of the Dungeon.
             The game lasted 00:08:09 (2198 turns).

sizableburger the Magician (MuFE)                   Turns: 2198, Time: 00:08:10

Health: -11/30     AC:  7    Str: 11    XL:     4   Next: 18%
Magic:  7/10       EV: 12    Int: 15    God:
Gold:   91         SH:  0    Dex: 12    Spells: 10/11 levels left

rFire    x . .     SeeInvis .   g - +1 dagger
rCold    + . .     Faith    .   (no shield)
rNeg     + + +     Spirit   .   a - +0 robe
rPois    ∞         Reflect  .   d - +0 helmet
rElec    .         Harm     .   b - scarf {shadows}
rCorr    .         Rampage  .   k - +0 pair of gloves
Will     .....                  j - +2 pair of boots
Stlth    ++........             (no amulet)
HPRegen  0.10/turn              (no ring)
MPRegen  0.12/turn              (no ring)

@: about to teleport, very slightly contaminated, slowed, very slow
A: cold resistance 1, negative energy resistance 3, torment resistance 2,
unbreathing 1, heat vulnerability 1, no potions
a: no special abilities


You were on level 2 of the Dungeon.
You visited 1 branch of the dungeon, and saw 2 of its levels.

You collected 91 gold pieces.

Inventory:

Hand Weapons
 g - a +1 dagger (weapon)
Missiles
 h - a throwing net
Armour
 a - a +0 robe (worn)
 b - a scarf of shadows (worn)
 d - a +0 helmet (worn)
 j - a +2 pair of boots (worn)
 k - a +0 pair of gloves (worn)
Jewellery
 e - a ring of poison resistance
Scrolls
 c - 3 scrolls of identify
 f - a scroll of teleportation
 i - 3 scrolls of amnesia


   Skills:
 - Level 1.7 Dodging
 - Level 1.5 Stealth
 + Level 4.0 Spellcasting
 + Level 1.8 Conjurations
 + Level 3.0 Fire Magic


You had 10 spell levels left.
You knew the following spells:

 Your Spells              Type           Power      Damage    Failure   Level
a - Foxfire               Conj/Fire      40%        2x1d6     7%          1

Your spell library contained the following spells:

 Spells                   Type           Power      Damage    Failure   Level
 Conjure Flame            Conj/Fire      10%        6-21      21%         3
 Inner Flame              Hex/Fire       7%         N/A       28%         3
 Sticky Flame             Conj/Fire      10%        2d3       54%         4
 Fireball                 Conj/Fire      5%         3d5       88%         5


Dungeon Overview and Level Annotations

Branches:
Dungeon (2/15)

Altars:
Zin
The Shining One

Annotations:
D:2 Crazy Yiuf


Innate Abilities, Weirdness & Mutations

You are immune to poison.
Your flesh is cold resistant. (rC+)
You are immune to negative energy. (rN+++)
You are immune to unholy pain and torment.
You can survive without breathing.
You are vulnerable to heat. (rF-)
You do not drink.


Message History

You hit Jessica.
Jessica is heavily wounded.
The foxfire hits Jessica.
You kill Jessica!
Your Spellcasting skill increases to level 4!
Your Fire Magic skill increases to level 3!
You have reached level 4!
Things that are here:
a +0 dagger; a +0 robe; a golden potion You start resting.
Your foxfire dissipates!
Your magical contamination has completely faded away.
You start resting.
Magic restored.
Found a runed translucent door.
Found a mace.
Crazy Yiuf shouts!
Okay, then.
You open the door.
Crazy Yiuf says, "Ghoul shoe eyeball!"
Crazy Yiuf grits, "Citrus!
Orb down cloud."
You miscast Foxfire.
You are very lightly contaminated with residual magic.
Nothing appears to happen.
Crazy Yiuf closely misses you.
You miscast Foxfire.
Nothing appears to happen.
You conjure some foxfire!
Crazy Yiuf hits you with a +2 quarterstaff of chaos!
You feel yourself slow down.
The foxfire hits Crazy Yiuf but does no damage.
The foxfire hits Crazy Yiuf.
Crazy Yiuf is lightly wounded.
Crazy Yiuf laughs, "Goober!"; Crazy Yiuf whimpers, "Snoogle!"
Crazy Yiuf hits you with a +2 quarterstaff of chaos.
As you read the scroll of teleportation, it crumbles to dust.
You feel strangely unstable.
Crazy Yiuf hits you with a +2 quarterstaff of chaos.
* * * LOW HITPOINT WARNING * * *
You are electrocuted!!
Ouch! That really hurt!
You die...

#†# #.# #.# #.# ##.## #.#
#####..†#####[#
#...........#.# #
#.###...###.#.##.# ## #.#
##.## #.#!...# ##. #.# #.#
#>#.#### ##.# #.#
##÷####.#@#############.##
#.#
#........g.......>.....##
#.#
#...###...#############.##
#<###..###....# ####.#
#......# #....# ......
#......# #....# ######
#......# #...## ##.###..#
##.## ###.#.##..# #.##


You could see Crazy Yiuf.

Vanquished Creatures
  Jessica (D:2)
  A worm (D:2)
  A dart slug (D:1)
  3 leopard geckos (D:1)
  A ball python (D:2)
  3 giant cockroaches
  3 goblins
  4 hobgoblins (D:1)
  7 jackals (D:2)
  A quokka (D:2)
  7 bats
  2 frilled lizards (D:2)
  3 kobolds (D:1)
  7 rats
44 creatures vanquished.

Vanquished Creatures (others)
  127 foxfires
127 creatures vanquished.

Grand Total: 171 creatures vanquished

Notes
Turn   | Place    | Note
-------+----------+-------------------------------------------
     0 | D:1      | sizableburger the Mummy Fire Elementalist began the quest
                  | for the Orb.
     0 | D:1      | Reached XP level 1. HP: 13/13 MP: 4/4
   210 | D:1      | Reached skill level 3 in Spellcasting
   395 | D:1      | Reached XP level 2. HP: 19/19 MP: 1/6
   435 | D:1      | Reached skill level 1 in Conjurations
   499 | D:1      | You fall into a shaft and drop 1 floor!
   804 | D:2      | Noticed Jessica
  1089 | D:1      | Reached XP level 3. HP: 19/24 MP: 4/8
  2084 | D:2      | Killed Jessica
  2085 | D:2      | Reached skill level 4 in Spellcasting
  2085 | D:2      | Reached XP level 4. HP: 30/30 MP: 6/10
  2179 | D:2      | Found a runed translucent door.
  2180 | D:2      | Noticed Crazy Yiuf
  2198 | D:2      | Mangled by Crazy Yiuf

Illustrated notes

Levels and vault maps discovered:
D:1:      saegor_arrival_simple_e, layout_loops_ring, minmay_hexomino_r4
D:2:      layout_loops_ring, nicolae_overflow_crystal_walls, uniq_jessica,
          uniq_crazy_yiuf_cottage

Skill      XL: |  1  2  3 |
---------------+----------+-----
Spellcasting   | 3 4 |  4.0
Conjurations   | 1 |  1.8
Fire Magic     | 3 |  3.0
Dodging        | |  1.7
Stealth        | |  1.5

Action                   |  1- 3 |  4- 6 || total
-------------------------+-------+-------++-------
Melee: Dagger            |    22 |       ||    22
 Cast: Foxfire           |    74 |     1 ||    75
  Use: Scroll            |     4 |     1 ||     5
Armor: Robe              |    20 |       ||    20
Dodge: Dodged            |    35 |     1 ||    36

Table legend: (Time is in decaauts)
 A = Elapsed time spent in this place.
 B = Non-inter-level travel time spent in this place.
 C = Inter-level travel time spent in this place.
 D = Time resting spent in this place.
 E = Time spent auto-exploring this place.
 F = Levels seen in this place.
 G = Mean time per level.
                   A        B        C        D        E       F      G
               +--------+--------+--------+--------+--------+-----+--------+
         Total |   2198 |   2135 |     63 |    641 |   1096 |   2 | 1099.0 |
       Dungeon |   2198 |   2135 |     63 |    641 |   1096 |   2 | 1099.0 |
               +--------+--------+--------+--------+--------+-----+--------+

Top non-repeatable levels by time:
     D:1: 1352 daAuts
     D:2: 846 daAuts
